 Dungeon Crawl Stone Soup version 0.25.1-2-g60ff931df9 (webtiles) character file.

Game seed: 6621105915029130980

205 goulibeur the Skirmisher (level 5, -3/50 HPs)
             Began as a Draconian Berserker on Oct 26, 2020.
             Was a Believer of Trog.
             Slain by a gnoll
             ... wielding a +0 halberd
              (6 damage)
             ... on level 3 of the Dungeon.
             The game lasted 00:16:12 (2992 turns).

goulibeur the Skirmisher (Draconian Berserker)      Turns: 2992, Time: 00:16:12

Health: -3/50      AC:  5    Str: 20    XL:     5   Next: 53%
Magic:  5/5        EV: 13    Int:  7    God:    Trog [**....]
Gold:   140        SH:  0    Dex: 11    Spells: 4/4 levels left

rFire    . . .     SeeInvis .   a - +0 short sword
rCold    . . .     Gourm    .   (no shield)
rNeg     . . .     Faith    .   (armour unavailable)
rPois    .         Spirit   .   (helmet restricted)
rElec    .         Reflect  .   (no cloak)
rCorr    .         Harm     .   (no gloves)
MR       .....                  (no boots)
Stlth    +.........             (no amulet)
HPRegen  0.16/turn              (no ring)
MPRegen  0.09/turn              (no ring)

@: no status effects
A: unfitting armour, cold-blooded, AC +5
a: Berserk, Trog's Hand, Renounce Religion


You were on level 3 of the Dungeon.
You worshipped Trog.
Trog was pleased with you.
You were not hungry.

You visited 1 branch of the dungeon, and saw 3 of its levels.

You collected 140 gold pieces.

Inventory:

Hand Weapons
 a - a +0 short sword (weapon)
 r - a +1 vorpal spear
Missiles
 g - 35 poisoned darts (quivered)
 h - 37 bolts
Jewellery
 c - an uncursed ring of protection from fire {unknown}
Wands
 l - a wand of paralysis (10)
Scrolls
 e - 5 scrolls of identify {unknown}
 f - a scroll of teleportation {unknown}
 j - a scroll of magic mapping {unknown}
 k - a scroll of fog {unknown}
 m - 2 scrolls of remove curse {unknown}
 o - a scroll of random uselessness {unknown}
 q - a scroll of immolation {unknown}
Potions
 d - a potion of resistance {unknown}
 i - 2 potions of lignification {unknown}
 n - a potion of cancellation {unknown}
 p - a potion of heal wounds {unknown}
Comestibles
 b - 10 rations


   Skills:
 * Level 6.0 Fighting
 - Level 3.0 Short Blades
 + Level 3.9 Dodging


You had 4 spell levels left.
You didn't know any spells.
Your spell library was empty.

Dungeon Overview and Level Annotations

Branches:
Dungeon (3/15)

Altars:
Ashenzari
Uskayaw


Innate Abilities, Weirdness & Mutations

Your plain brown scales are hard. (AC +5)
You cannot fit into any form of body armour.
You are cold-blooded and may be slowed by cold attacks.


Message History

The gnoll hits you from afar with a +0 halberd!
A gnoll comes into view.
The gnoll shouts!
You barely miss the gnoll.
The gnoll hits you from afar with a +0 halberd!
* * * LOW HITPOINT WARNING * * *
You hit the gnoll but do no damage. You tail-slap the gnoll.
The gnoll is lightly wounded.
The gnoll hits you.
* * * LOW HITPOINT WARNING * * *
You hit the gnoll.
The gnoll is heavily wounded.
The gnoll barely misses you. The gnoll hits you but does no damage.
You hit the gnoll.
The gnoll is almost dead.
The gnoll closely misses you. The gnoll hits you but does no damage.
You closely miss the gnoll.
Your tail-slap misses the gnoll.
The gnoll is almost dead.
The gnoll hits you from afar with a +0 halberd.
You die...

#.# #.# #.# #.#
#.# ##.#######
#..gg..... #.@#
#..# #.)######
b. #......[# #.#
#...###.# ..
#...### #.
#.....#
#.###..##.#
######..##...#.#


You could see 2 gnolls.

Vanquished Creatures
  A scorpion (D:3)
  4 adders
  3 gnolls
  A dart slug (D:1)
  A worm (D:2)
  3 leopard geckos
  2 orcs (D:3)
  11 bats
  13 giant cockroaches
  15 goblins
  4 hobgoblins
  2 jackals (D:2)
  10 kobolds
  3 frilled lizards
  5 rats
78 creatures vanquished.

Notes
Turn   | Place    | Note
-------+----------+-------------------------------------------
     0 | D:1      | goulibeur the Draconian Berserker began the quest for the
                  | Orb.
     0 | D:1      | Reached XP level 1. HP: 19/19 MP: 1/1
   238 | D:1      | Reached XP level 2. HP: 26/27 MP: 2/2
   292 | D:1      | Reached skill level 4 in Fighting
   825 | D:1      | Reached XP level 3. HP: 30/34 MP: 3/3
  1170 | D:2      | Found a hide-covered altar of Uskayaw.
  1170 | D:2      | Noticed a +0 hand axe
  1170 | D:2      | Noticed a +0 hand axe
  1189 | D:2      | Reached ** piety under Trog
  1343 | D:2      | Found a shattered altar of Ashenzari.
  1560 | D:2      | Reached XP level 4. HP: 36/41 MP: 4/4
  1669 | D:2      | Reached skill level 5 in Fighting
  2311 | D:3      | Reached XP level 5. HP: 35/50 MP: 5/5
  2950 | D:3      | Reached skill level 6 in Fighting
  2989 | D:3      | HP: 2/50 [gnoll (6)]
  2992 | D:3      | Slain by a gnoll

Illustrated notes

Levels and vault maps discovered:
D:1:      dpeg_arrival_arbitrary_b, layout_loops_ring, minivault_4
D:2:      minmay_roachtagon, layout_basic, dancing_weapons_uskayaw,
          lemuel_crystal_altar
D:3:      layout_basic, first_ration

Skill      XL: |  1  2  3  4  5 |
---------------+----------------+-----
Fighting       | 4 5 6 |  6.0
Dodging        | 3 |  3.9
Short Blades   | |  3.0

Action                   |  1- 3 |  4- 6 || total
-------------------------+-------+-------++-------
Melee: Short sword       |   142 |   154 ||   296
       Tailslap          |    13 |    19 ||    32
Invok: Berserk           |     1 |     2 ||     3
  Eat: Chunk             |     2 |     6 ||     8
       Ration            |       |     1 ||     1
Armor: Skin              |    47 |    35 ||    82
Dodge: Dodged            |   105 |   110 ||   215
